 Dungeon Crawl Stone Soup version 0.19-a0-1007-g133f65f (webtiles) character file.

188 HAL9000 the Cudgeler (level 5, -1/55 HPs)
             Began as an Ogre Hunter on July 20, 2016.
             Slain by Sigmund
             ... wielding a +0 scythe
              (5 damage)
             ... on level 3 of the Dungeon on July 21, 2016.
             The game lasted 00:07:03 (3541 turns).

HAL9000 the Cudgeler (Ogre Hunter)                  Turns: 3541, Time: 00:07:04

Health: -1/55      AC:  3    Str: 17    XL:     5   Next: 67%
Magic:  5/5        EV: 10    Int: 10    God:
Gold:   182        SH:  0    Dex: 11    Spells: 0 memorised, 4 levels left

rFire  . . .     SeeInvis .     a - +0 short sword
rCold  . . .     Gourm    .     b - +0 robe
rNeg   . . .     Faith    .     (no shield)
rPois  .         Spirit   .     (helmet restricted)
rElec  .         Dismiss  .     (no cloak)
rCorr  .         Reflect  .     (gloves unavailable)
SustAt .         Harm     .     (boots unavailable)
MR     .....                    (no amulet)
Stlth  +.........               (no ring)
                                (no ring)

@: not resistant to hostile enchantments, very unstealthy
A: unfitting armour, tough skin 1
a: no special abilities


You were on level 3 of the Dungeon.
You were not hungry.

You visited 1 branch of the dungeon, and saw 3 of its levels.

You collected 182 gold pieces.

Inventory:

Hand Weapons
 a - a +0 short sword (weapon)
 h - a +0 whip
 l - a +0 club
Armour
 b - a +0 robe (worn)
Jewellery
 w - a +4 ring of protection {unknown}
Scrolls
 m - 4 scrolls of remove curse {unknown}
 n - a scroll of identify {unknown}
 p - a scroll of immolation {unknown}
 r - a scroll of blinking {unknown}
 t - a scroll of magic mapping {unknown}
Potions
 q - a potion of heal wounds {unknown}
 s - a potion of haste {unknown}
 u - a potion of lignification {unknown}
 v - 2 potions of might {unknown}
Comestibles
 f - 3 bread rations
 i - 3 meat rations
 k - 2 beef jerkies


   Skills:
 + Level 4.9 Fighting
 * Level 5.5 Maces & Flails
 - Level 4.0 Throwing
 - Level 1.7 Dodging
 - Level 0.7 Stealth


You had 4 spell levels left.
You didn't know any spells.

Dungeon Overview and Level Annotations

Branches:
Dungeon (3/15)

Altars:
Cheibriados
Elyvilon
Gozag
Makhleb
Pakellas
Xom
Zin
The Shining One

Annotations:
D:3 Sigmund


Innate Abilities, Weirdness & Mutations

You are too large for most types of armour.
You have tough skin. (AC +1)


Message History

Sigmund zaps a wand.
You are confused.
Unknown command.
You feel better.
Sigmund zaps a wand.
You resist with some effort.
You closely miss Sigmund.
Sigmund is almost dead.
Sigmund gestures wildly while chanting.
Sigmund flickers and vanishes!
Deactivating autopickup; reactivate with Ctrl-A.
You barely miss something. Something hits you!
You closely miss something. Something hits you.
* * * LOW HITPOINT WARNING * * *
You barely miss something. Something hits you!
* * * LOW HITPOINT WARNING * * *
You barely miss something. You miss something.
You hear a zap.
Something tries to affect you, but you resist.
You barely miss something. Something hits you.
You die...

######.# #.##..........#
.....#†# #..........#
####.#.####.##..........#
............##..........#
.###.#.#######<.........#
.....#.#
#...)......#########
.....#.#####
#................@..
...........#
#..(..(.(..#########
.....#.....#####@....####
............# #{....######
.....#....).# #....>.....#
†....#......####...######.#
.....######.....(.......#
.....# ######....###.#
####### .....# #(...#
#...... .....# #....#
#.##### .....# #....# #)#


There were no monsters in sight!

Vanquished Creatures
  Jessica (D:2)
  Ijyb (D:2)
  Robin (D:3)
  An adder (D:3)
  3 gnolls (D:3)
  A worm (D:3)
  A giant gecko (D:3)
  A ball python (D:1)
  3 giant cockroaches (D:1)
  9 hobgoblins
  18 jackals
  5 bats
  3 giant newts
  18 goblins
  4 kobolds
  8 rats
78 creatures vanquished.

Notes
Turn   | Place    | Note
-------+----------+-------------------------------------------
     0 | D:1      | HAL9000 the Ogre Hunter began the quest for the Orb.
     0 | D:1      | Reached XP level 1. HP: 22/22 MP: 1/1
   326 | D:1      | Reached skill level 1 in Maces & Flails
   340 | D:1      | Reached XP level 2. HP: 30/31 MP: 2/2
   368 | D:1      | Reached skill level 2 in Maces & Flails
   663 | D:1      | Reached XP level 3. HP: 33/37 MP: 3/3
  1062 | D:1      | Reached skill level 3 in Maces & Flails
  1325 | D:2      | Noticed Ijyb
  1329 | D:2      | Killed Ijyb
  1329 | D:2      | Reached XP level 4. HP: 48/48 MP: 4/4
  1456 | D:2      | Found an oddly glowing altar of Pakellas.
  1491 | D:2      | Noticed Jessica
  1492 | D:2      | Killed Jessica
  1492 | D:2      | Reached skill level 4 in Maces & Flails
  1689 | D:2      | Found a white marble altar of Elyvilon.
  1692 | D:2      | Found a shimmering altar of Xom.
  1697 | D:2      | Found an opulent altar of Gozag.
  1697 | D:2      | Found a burning altar of Makhleb.
  1697 | D:2      | Found a snail-covered altar of Cheibriados.
  1697 | D:2      | Found a glowing golden altar of the Shining One.
  1701 | D:2      | Found a glowing silver altar of Zin.
  2286 | D:3      | Noticed Sigmund
  2412 | D:2      | Reached XP level 5. HP: 54/54 MP: 5/5
  2438 | D:3      | Noticed Robin
  2808 | D:3      | Reached skill level 5 in Maces & Flails
  3137 | D:3      | Killed Robin
  3541 | D:3      | Slain by Sigmund

Vault maps used:
D:1:      grunt_arrival_crossed_arrows
D:2:      nicolae_overflow_crystal_walls, minitemple, first_bread, uniq_jessica,
          uniq_iyjb
D:3:      uniq_sigmund, uniq_natasha, uniq_robin

Skill      XL: |  1  2  3  4  5 |
---------------+----------------+-----
Fighting       | 3 4 |  4.9
Maces & Flails | 1 2 3 4 5 |  5.5
Throwing       | |  4.0
Dodging        | |  1.7
Stealth        | |  0.7

Action                   |  1- 3 |  4- 6 || total
-------------------------+-------+-------++-------
Melee: Short sword       |   145 |   188 ||   333
Throw: Large rock        |     4 |    18 ||    22
       Throwing net      |       |     4 ||     4
  Use: Potion            |       |     2 ||     2
  Eat: Chunk             |     1 |     8 ||     9
Armor: Robe              |    46 |    59 ||   105
Dodge: Dodged            |   106 |   141 ||   247
